Map: Ultralove

Players

ManlyManMeat - Winner!

  • Race: Zerg Zerg
  • League: Diamond
  • Spawn Location: 7:00

VOD

Have the link to the VOD?

Description

Time

  • Played on: June 22, 2025, 1:23 p.m.
  • Length: 15:36
Show
View Real Time Build Order
Export as new Build Order

ManlyManMeat Zerg - Winner!

Build Orders:  

Get SALT Encoding   

  12  0:00  Drone  
  13  0:11  Drone  
  14  0:21  Drone, Extractor  
  15  0:31  Overlord  
  15  0:58  Drone  
  16  1:04  Hatchery  
  16  1:08  Drone  
  16  1:13  Drone  
  16  1:19  Drone  
  18  1:33  Extractor  
  17  1:42  Spawning Pool  
  17  1:47  Drone  
  17  1:52  Drone  
  18  2:01  Drone  
  19  2:16  Drone  
  20  2:48  Queen x2  
  24  2:50  Zergling x4  
  26  3:04  Overlord  
  26  3:08  Drone  
  27  3:11  Drone  
  28  3:38  Hatchery  
  28  3:39  Drone x2  
  29  3:45  Drone  
  30  3:50  Overlord  
  30  3:53  Metabolic Boost  
  30  3:56  Overlord  
  30  3:59  Drone  
  31  4:13  Queen  
  33  4:24  Drone  
  33  4:25  Drone x2  
  33  4:27  Drone x2  
  38  4:31  Drone  
  39  4:40  Drone x2  
  39  4:43  Drone  
  39  4:47  Drone  
  39  4:48  Drone  
  44  4:51  Drone  
  45  5:02  Drone  
  45  5:08  Baneling Nest  
  45  5:10  Extractor  
  45  5:15  Drone x3  
  45  5:19  Queen  
  49  5:23  Drone x2  
  49  5:25  Drone  
  52  5:34  Drone x2  
  52  5:37  Drone  
  52  5:38  Drone x2  
  36  5:50  Overlord x2  
  57  5:55  Overlord  
  57  5:57  Overlord  
  57  6:14  Evolution Chamber  
  57  6:18  Evolution Chamber  
  55  6:28  Drone x2  
  55  6:29  Drone x5, Lair  
  62  6:35  Zergling x6  
  62  6:36  Extractor  
  62  6:38  Drone  
  42  6:50  Zerg Melee Weapons Level 1  
  65  6:54  Zerg Ground Armor Level 1  
  65  6:55  Zergling x2  
  65  6:56  Zergling x6  
  65  6:57  Zergling x10  
  74  7:14  Drone x2  
  74  7:19  Drone  
  77  7:20  Drone  
  77  7:29  Queen  
  80  7:31  Overlord x3  
  80  7:32  Overlord, Centrifugal Hooks  
  80  7:44  Zergling x4  
  80  7:45  Zergling x12  
  88  8:09  Overlord x3  
  88  8:13  Zergling x20  
  88  8:17  Baneling x13  
  98  8:37  Zergling x8  
  102  8:43  Drone x2  
  102  8:45  Hatchery  
  102  8:47  Hatchery  
  101  9:14  Zergling x4  
  101  9:15  Zergling x16  
  111  9:28  Zergling x4  
  113  9:40  Pneumatized Carapace  
  113  9:48  Zergling x8  
  117  10:17  Zergling x16  
  117  10:18  Zergling x8  
  129  10:26  Overlord x3  
  119  11:30  Zergling x2  
  119  11:31  Zergling x42  
  119  11:32  Zergling x22  
  119  11:34  Zerg Melee Weapons Level 2, Zerg Ground Armor Level 2  
  152  11:52  Zergling x2  
  152  11:53  Zergling x10  
  158  12:10  Zergling x32  
  158  12:11  Zergling x2  
  158  12:13  Baneling x10  
  158  12:14  Hatchery, Baneling x20  
  158  12:16  Hatchery  
  172  12:33  Baneling x9  
  172  12:35  Baneling  
Tags
 
League
Diamond
Matchup
Co-op
Replay Pack
Myownreplay2
Add a new tag
Caveats
  • Supply blocks, unpowered buildings, or Contaminate may cause inaccurate times.
  • Supply counts are checked every 10 seconds.